 Dungeon Crawl Stone Soup version 0.14-a0-882-gdff4d47 (webtiles) character file.

349 Malachi the Chiller (level 5, -2/31 HPs)
             Began as a High Elf Ice Elementalist on Nov 17, 2013.
             Was a Believer of Vehumet.
             Slain by a worker ant (3 damage)
             ... on Level 4 of the Dungeon.
             The game lasted 00:07:36 (3492 turns).

Malachi the Chiller (High Elf Ice Elementalist)     Turns: 3492, Time: 00:07:36

HP  -2/31        AC  3     Str  7      XL: 5   Next: 53%
MP  14/14        EV 13     Int 20      God: Vehumet [**....]
Gold 144         SH  0     Dex 15      Spells:  2 memorised,  7 levels left

Res.Fire  : . . .   See Invis. : .   (no weapon)
Res.Cold  : . . .   Warding    : .   a - +0 elf robe
Life Prot.: . . .   Conserve   : .   (no shield)
Res.Poison: .       Res.Corr.  : .   t - +0 helmet
Res.Elec. : .       Clarity    : .   (no cloak)
Sust.Abil.: . .     Spirit.Shd : .   (no gloves)
Res.Mut.  : .       Stasis     : .   (no boots)
Res.Rott. : .       Flight     : .   (no amulet)
Saprovore : . . .                    (no ring)
                                     (no ring)

@: slightly resistant to hostile enchantments, fairly stealthy
A: no striking features
a: Renounce Religion


You were on level 4 of the Dungeon.
You worshipped Vehumet.
Vehumet was pleased with you.
You were not hungry.

You visited 1 branch of the dungeon, and saw 4 of its levels.

You collected 144 gold pieces.

Inventory:

Armour
 a - a +0 elven robe (worn)
 t - a +0 helmet (worn)
Comestibles
 c - 2 bread rations
 q - a choko
 r - 3 chunks of orc flesh
 x - a meat ration
Scrolls
 d - 4 scrolls of remove curse
 e - 7 scrolls of identify {unknown}
 h - 2 scrolls of enchant armour {unknown}
 j - 5 scrolls of fear {unknown}
 k - a scroll of enchant weapon II {unknown}
 l - a scroll of random uselessness {unknown}
 p - a scroll of fog {unknown}
 s - 6 scrolls of teleportation {unknown}
Potions
 f - 2 potions of curing {unknown}
 g - a potion of resistance {unknown}
 i - 2 potions of heal wounds {unknown}
 n - a potion of poison {unknown}
 o - 2 potions of speed {unknown}
 u - a potion of agility {unknown}
 v - a potion of paralysis {unknown}
 z - a potion of brilliance {unknown}
Books
 b - a book of Frost

   Spells                             Type                      Level
   *Freeze                            Ice                          1
   Throw Frost                        Conjuration/Ice              2
   *Ozocubu's Armour                  Charms/Ice                   3
   Throw Icicle                       Conjuration/Ice              4
   Summon Ice Beast                   Ice/Summoning                4
   Condensation Shield                Ice                          4


   Skills:
 + Level 2.5 Dodging
 + Level 2.8 Stealth
 + Level 3.8 Spellcasting
   Level 1.1 Conjurations
 + Level 0.2 Charms
 + Level 4.8 Ice Magic


You had 7 spell levels left.
You knew the following spells:

 Your Spells              Type           Power        Failure   Level  Hunger
a - Freeze                Ice            ###.         1%          1    None
b - Ozocubu's Armour      Chrm/Ice       ##........   14%         3    ###....


Dungeon Overview and Level Annotations

Branches:
Dungeon (4/16)
 Temple: D:4-7

Altars:
Elyvilon
Trog
Vehumet


Message History

You kill the kobold!
Vehumet accepts your kill.
You feel your power returning.
The big kobold throws a throwing net.
The throwing net hits you!
You become entangled in the net!
The worker ant bites you.
You see here a throwing net.
You struggle against the net.
The worker ant completely misses you.
The hobgoblin hits you with an orcish club!
You try to slip out of the net.
The worker ant bites you.
You try to slip out of the net.
The worker ant bites you.
The hobgoblin hits you but does no damage.
The big kobold hits you with a dwarven dagger.
* * * LOW HITPOINT WARNING * * *
The worker ant bites you.
* * * LOW HITPOINT WARNING * * *
You slip out of the net!
The big kobold barely misses you.
The hobgoblin hits you with an orcish club.
* * * LOW HITPOINT WARNING * * *
The worker ant bites you.
You die...

#.# #.# #.### ♣
##...## .≈.
##.....## ....P
##.......#
......P#.K......#
..§....%.Kg.....#
.....%P###@a...##
..%.P #.<...#
...P ###.......%
♣♣ ##.#### .# #


You could see a big kobold, a worker ant, a hobgoblin and a kobold.

Vanquished Creatures
  A hound (D:2)
  4 adders
  4 gnolls (D:3)
  3 giant geckos
  An ooze (D:2)
  13 orcs
  8 bats
  11 goblins
  8 hobgoblins
  6 jackals
  A quokka (D:3)
  5 giant cockroaches
  4 giant newts
  8 kobolds
  7 rats
84 creatures vanquished.

Notes
Turn   | Place    | Note
--------------------------------------------------------------
     0 | D:1      | Malachi, the High Elf Ice Elementalist, began the quest for the Orb.
     0 | D:1      | Reached XP level 1. HP: 11/11 MP: 4/4
   439 | D:1      | Reached XP level 2. HP: 17/17 MP: 1/5
   974 | D:2      | Found a bloodstained altar of Trog.
   979 | D:2      | Found a radiant altar of Vehumet.
  1015 | D:2      | Found a white marble altar of Elyvilon.
  1058 | D:2      | Became a worshipper of Vehumet
  1324 | D:2      | Reached XP level 3. HP: 14/21 MP: 1/8
  1561 | D:2      | Reached skill level 4 in Ice Magic
  1889 | D:2      | Acquired Vehumet's first power
  1889 | D:2      | Offered knowledge of Magic Dart by Vehumet.
  2094 | D:2      | Reached XP level 4. HP: 27/27 MP: 7/11
  2780 | D:3      | Learned a level 3 spell: Ozocubu's Armour
  2851 | D:3      | Reached XP level 5. HP: 26/31 MP: 11/14
  3272 | D:3      | Offered knowledge of Sting by Vehumet.
  3492 | D:4      | HP: 1/31 [hobgoblin/orcish club (1)]
  3492 | D:4      | Slain by a worker ant

Action                   |  1- 3 |  4- 6 || total
-------------------------+-------+-------++-------
Melee: Unarmed           |     8 |     3 ||    11
 Cast: Freeze            |    64 |    69 ||   133
       Ozocubu's Armour  |       |     2 ||     2
  Use: Scroll            |     1 |       ||     1
